 Dungeon Crawl Stone Soup version 0.22.1-1-ga44c0e56f4 (webtiles) character file.

67 Chidaruma the Chopper (level 4, 33/33 HPs)
             Began as a Demonspawn Gladiator on Oct 30, 2018.
             Got out of the dungeon alive.
             The game lasted 00:03:50 (1701 turns).

Chidaruma the Chopper (Demonspawn Gladiator)        Turns: 1701, Time: 00:03:50

Health: 33/33      AC:  5    Str: 17    XL:     4   Next: 0%
Magic:  4/4        EV: 13    Int: 10    God:
Gold:   101        SH:  0    Dex: 15    Spells: 3/3 levels left

rFire    . . .     SeeInvis .   a - +0 war axe
rCold    . . .     Gourm    .   (no shield)
rNeg     . . .     Faith    .   b - +0 leather armour
rPois    .         Spirit   .   c - +0 helmet
rElec    .         Reflect  .   (no cloak)
rCorr    .         Harm     .   g - +0 pair of gloves {Str+3}
MR       .....                  (no boots)
Stlth    +.........             (no amulet)
HPRegen  0.11/turn              (no ring)
MPRegen  0.09/turn              (no ring)

@: no status effects
A: talons 1, powered by death 1
a: no special abilities


You escaped.
You were hungry.

You visited 1 branch of the dungeon, and saw 2 of its levels.

You collected 101 gold pieces.

Inventory:

Hand Weapons
 a - a +0 war axe (weapon)
Missiles
 d - 3 throwing nets (quivered)
Armour
 b - a +0 leather armour (worn)
 c - a +0 helmet (worn)
 g - a +0 pair of gloves of strength (worn)
Jewellery
 o - an uncursed ring of positive energy {unknown}
Wands
 s - a wand of paralysis (13)
Scrolls
 e - a scroll of noise {unknown}
 h - 2 scrolls of teleportation {unknown}
 k - 3 scrolls of identify {unknown}
 m - a scroll of remove curse {unknown}
 n - a scroll of fog {unknown}
 r - a scroll of amnesia {unknown}
Potions
 i - 2 potions of degeneration {unknown}
 j - 2 potions of haste {unknown}
 l - a potion of brilliance {unknown}
 p - a potion of might {unknown}
Comestibles
 f - 5 rations


   Skills:
 * Level 2.2 Fighting
 * Level 3.8 Axes
 - Level 1.8 Throwing
 + Level 0.5 Armour
 + Level 3.1 Dodging
 + Level 0.1 Stealth


You had 3 spell levels left.
You didn't know any spells.
Your spell library was empty.

Dungeon Overview and Level Annotations

Branches:
Dungeon (2/15)

Altars:
Dithmenos


Innate Abilities, Weirdness & Mutations

You have sharp toenails.
You regenerate a little health from kills.


Message History

Your toenails lengthen and sharpen.
All of the chunks of flesh in your inventory have rotted away.
You see here 20 sling bullets.
You see here 3 stones.
There is a shadowy altar of Dithmenos here.
You see here a club.
You are feeling hungry.
Found a viscous brown potion.
There is a stone staircase leading up here.
You climb upwards.
There is a stone staircase leading down here.
You see here a club.
You see here 13 arrows.
You see here a club.
You see here 22 stones.
There is an open door here.
There is a fountain of clear blue water here.
There is a staircase leading out of the dungeon here.
Are you sure you want to leave the Dungeon?
This will make you lose the game!
You have escaped!

......#(...####........#....#.#
......#.#........#####.##...#.#
...####.####.###..####......#.#
....###.#...........)########.#
....#.....8#8#8#8#8...........#
....#.....#########.#.#########
....#....)8#.....#8.#.#
....#.....##.....##(#.#
....#.....('..⌠.@#8.#.#
##.##.....##.....##.#.#
#.........8#.....#8.#.########
#.........#########.#.[......#
#.........8#8#8#8#8.#........#
#.....###...........#......[.#
#.....# ######.####..........#
####### #...............#
#######.####.......#


There were no monsters in sight!

Vanquished Creatures
  2 adders (D:2)
  2 worms (D:2)
  2 dart slugs
  2 leopard geckos (D:1)
  4 goblins
  4 hobgoblins
  4 jackals (D:2)
  5 bats
  7 frilled lizards
  3 kobolds
  3 rats
38 creatures vanquished.

Notes
Turn   | Place    | Note
-------+----------+-------------------------------------------
     0 | D:1      | Chidaruma the Demonspawn Gladiator began the quest for the
                  | Orb.
     0 | D:1      | Reached XP level 1. HP: 16/16 MP: 1/1
    38 | D:1      | Gained mutation: You regenerate a little health from kills.
                  | [demonic ancestry]
    38 | D:1      | Reached XP level 2. HP: 11/22 MP: 2/2
  1051 | D:2      | Reached XP level 3. HP: 25/27 MP: 3/3
  1282 | D:2      | Found a shadowy altar of Dithmenos.
  1531 | D:2      | Gained mutation: You have sharp toenails. [demonic
                  | ancestry]
  1531 | D:2      | Reached XP level 4. HP: 25/33 MP: 4/4
  1701 | D:$      | Got out of the dungeon alive.

Skill      XL: |  1  2 |
---------------+-------+-----
Axes           | 3 |  3.8
Dodging        | 3 |  3.1
Fighting       | |  2.2
Throwing       | |  1.8
Armour         | |  0.5
Stealth        | |  0.1

Action                   |  1- 3 |  4- 6 || total
-------------------------+-------+-------++-------
Melee: War axe           |   128 |       ||   128
 Stab: Sleeping          |     1 |       ||     1
  Eat: Chunk             |     2 |       ||     2
Armor: Leather armour    |    52 |       ||    52
Dodge: Dodged            |   105 |       ||   105
